[Event "*** Titled Tuesday Blitz"]
[Site "Chess.com"]
[Date "2020.05.12"]
[Round "4"]
[White "mishanick"]
[Black "Volodar_Murzin"]
[Result "0-1"]
[WhiteElo "2956"]
[BlackElo "2730"]
[TimeControl "180+1"]
[EndTime "10:40:37 PDT"]
[Termination "Volodar_Murzin won on time"]

1. Nf3 Nf6 2. d4 g6 3. c4 Bg7 4. Nc3 O-O 5. e4 d6 6. Be2 e5 7.
Be3 Nc6 8. d5 Ne7 9. Nd2 a5 10.
c5 Ne8 11. Nc4 f5 12. f3 Kh8 13. O-O Ng8 14. cxd6 Nxd6 15. Nxd6 cxd6 16. Na4 Nf6 17. Nb6 Rb8 18. Qa4 fxe4 19. fxe4 Bg4 20. Bd3 Qe7 21. Qxa5 Nh5 22. Qd2 Nf4 23. a4 Rf7 24. Rf2 Rbf8 25. Raf1 Qh4 26. a5 Bh6 27. Nc4 Qe7 28. b4 Bg5 29. b5 Bh4 30. g3 Nh3+ 31. Kg2 Nxf2 32. Rxf2 Rxf2+ 33. Bxf2 Bg5 34. Qe1 Qf6 35. Kg1 Qf3 36. Bf1 Qb3 37. Nxd6 Be7 38. Nc4 Bf6 39. a6 bxa6 40. bxa6 Qa2 41. a7 Bg7 42. Be3 Bc8 43.
Qd2 Qa1 44. Bf2 Bb7 45. Nd6 Ba6 46. Qe1 Qa4 47. Bg2 Bd3 48. Qe3 Bc2 49. Qe2 Bb3 50. Qe1 Qa2 51. h4 Bh6 52. Nb7 Bg7 53. Nc5 Bc4 54. Ne6 Re8 55. Nc7 Rc8 56. a8=Q Rxa8 57. Nxa8 Qxa8 58. Qc3 Qa6 59. Be3 Bb5 60. Bg5 Qb7 61. Qc5 Qd7 62. Kh2 Kg8 63. Bh3 Qe8 64. Be6+ Kh8 65. Qc7 Bd3 66. Qc6 Qf8 67. Be3 Qf3 68.
Qc8+ Bf8 69. Bf5 Qe2+ 70. Kh1 Qf1+ 71. Bg1 Qf3+ 72. Kh2 Kg8 73. Qe6+ Kg7 0-1

[Event "*** Titled Tuesday Blitz"]
[Site "Chess.com"]
[Date "2020.05.12"]
[Round "4"]
[White "crescentmoon2411"]
[Black "Shukh_Nikolay"]
[Result "1-0"]
[WhiteElo "2801"]
[BlackElo "2518"]
[TimeControl "180+1"]
[EndTime "10:40:38 PDT"]
[Termination "crescentmoon2411 won on time"]

1. e4 e5 2. Nf3 Nc6 3. Bc4 Nf6 4. d3 Bc5 5. c3 a6 6. b4 Ba7 7. Bg5 h6 8. Bh4 d6 9. Nbd2 Be6 10. Qb3 Bxc4 11.
Nxc4 g5 12. Bg3 Nh5 13. Ne3 Nxg3 14. hxg3 Bxe3 15. fxe3 Qf6 16. a4 Ne7 17. Ke2 Ng6 18. Raf1 Qe6 19. Qxe6+ fxe6 20. Rh5 a5 21. b5 c6 22. c4 cxb5 23. cxb5 Rc8 24. Nd2 Ke7 25. Rfh1 Rc2 26. Rxh6 Rxh6 27. Rxh6 Kf6 28. Rh7 Ra2 29. Rxb7 Rxa4 30. b6 Rb4 31. Nc4 d5 32. exd5 exd5 33. Nxa5 Rb2+ 34. Kd1 e4 35. dxe4 dxe4 36. Rb8 Ne5 37. b7 Nd7 38. Rd8 Ke6 39. Kc1 Rb5 40.
Ra8 Kd6 41. Ra6+ Ke7 42. Kc2 Nc5 43. Ra8 Nxb7 44. Nxb7 Rxb7 45. Ra4 Ke6 46. Rxe4+ Kf5 47. Rd4 Ra7 48. g4+ Ke5 49. Kd3 Ra3+ 50. Ke2 Ra2+ 51. Kf3 Ke6 52. Rb4 Kf6 53. Rb6+ Ke5 54. Rg6 Ra3 55.
Rxg5+ Kf6 56. Rf5+ Ke6 57. Rb5 Kf6 58. Kf4 Kg6 59.
Rb6+ Kg7 60. g5 Ra2 61. g4 Rf2+ 62. Ke5 Rf3 63. e4 Rf2 64. Ke6 Rf4 65. e5 Rxg4 66.
Kf5 Rg1 67. Rb7+ Kg8 68. e6 Re1 69. Kf6 Rf1+ 70. Kg6 Kf8 71. Rf7+ 1-0

[Event "*** Titled Tuesday Blitz"]
[Site "Chess.com"]
[Date "2020.05.12"]
[Round "4"]
[White "1stSecond"]
[Black "kingnb"]
[Result "1-0"]
[WhiteElo "2680"]
[BlackElo "2483"]
[TimeControl "180+1"]
[EndTime "10:40:40 PDT"]
[Termination "1stSecond won by resignation"]

1. Nf3 Nf6 2. g3 g6 3. Bg2 Bg7 4.
O-O O-O 5. d4 d6 6. b3 c6 7. Bb2 Qa5 8. Qd2 Qh5 9. Qg5 Qxg5 10. Nxg5 Nbd7 11. Nd2 e5 12. dxe5 Nxe5 13. c4 Re8 14. Rad1 h6 15. Ngf3 Nxf3+ 16. Bxf3 Bf5 17. Rfe1 Rad8 18. e4 Nxe4 19. Bxe4 Bxb2 20. Bxf5 gxf5 21. Rxe8+ Rxe8 22. Nf1 Rd8 23. Ne3 f4 24. gxf4 Bg7 25. Kg2 Kh7 26. Kf3 Kg6 27. Rg1+ Kh7 28. Nf5 Bf8 29.
Rd1 Kg6 30. Ne3 Kf6 31. Kg4 a5 32. h4 a4 33. bxa4 Ra8 34. Rb1 Rxa4 35. Rxb7 Rxa2 36. Rb6 c5 37. Nd5+ Kg7 38. Kg3 Ra4 39. Ne3 Be7 40. Rb7 Bf8 41. h5 Rb4 42. Ra7 Rb3 43. Kf3 Kf6 44.
Ke4 Rb2 45. Ra8 Bg7 46. Re8 Re2 47. Kd3 Ra2 48. Ke4 Re2 49. Kf3 Ra2 50. Nd5+ Kf5 51. Ne3+ Kf6 52. Re4 Bf8 53. Ng4+ Kg7 54. f5 Ra3+ 55.
Kf4 Ra7 56. f6+ Kg8 57. Re8 Ra2 58. f3 Ra4 59. Ne3 d5 60. Nxd5 Rxc4+ 61. Kf5 Kh7 62. Rxf8 Rd4 63. Rxf7+ 1-0

[Event "*** Titled Tuesday Blitz"]
[Site "Chess.com"]
[Date "2020.05.12"]
[Round "4"]
[White "archess2"]
[Black "Shushik"]
[Result "1-0"]
[WhiteElo "2316"]
[BlackElo "2078"]
[TimeControl "180+1"]
[EndTime "10:40:43 PDT"]
[Termination "archess2 won by resignation"]

1. d4 d5 2. c4 e6 3. Nc3 Nf6 4. cxd5 exd5 5. Bg5 c6 6. e3 Be7 7. Qc2 Bg4 8. h3 Bh5 9. Be2 Bg6 10. Bd3 Na6 11.
a3 O-O 12. Nf3 Nc7 13. Ne5 Bxd3 14. Qxd3 Ne6 15. Bxf6 Bxf6 16. Ng4 Be7 17. O-O Re8 18.
f4 Bf6 19. f5 Ng5 20. Ne2 c5 21. Nf4 cxd4 22. exd4 Ne4 23. Rfe1 Qb6 24. Nxf6+ Nxf6 25. Kh2 Qxb2 26. Rab1 Qf2 27. Rf1 Qe3 28. Qxe3 Rxe3 29. Rxb7 Rxa3 30. Rc1 h6 31. Rcc7 Rf8 32. Rxa7 Rxa7 33.
Rxa7 Re8 34. Nd3 Re4 35. Ra8+ Kh7 36. Ne5 Rxd4 37. Nxf7 Ng8 38. Nd6 Rd1 39. Rd8 d4 40. Ne8 d3 41. Rd7 Kh8 42. Nxg7 Nf6 43. Rf7 d2 44.
Rxf6 Ra1 45. Rd6 d1=Q 46. Rxd1 Rxd1 47. f6 Kg8 48. Nf5 h5 49. Kg3 Kf7 50. Kh4 Kxf6 51. Ng3 Rd4+ 52. Kxh5 Rd5+ 53. Kg4 Rd4+ 54. Kf3 Rd3+ 55.
Kf2 Rd2+ 56. Kg1 Rd1+ 57. Kh2 Kg5 58. Ne4+ Kf4 59. Nf6 Kf5 60. Nh5 Kg5 61. Ng3 Ra1 62. Ne4+ Kf4 63. Nf6 Kg5 64. Nd5 Ra5 65. Nc3 Ra3 66.
Ne4+ Kf4 67. Nd6 Ra6 68. Nc4 Ra4 69. g3+ Kf5 70. Nd6+ Kg6 71. h4 Ra2+ 72. Kh3 Ra6 73. Ne4 Rb6 74. g4 Rc6 75. h5+ Kg7 76. g5 Rc4 77. Nd6 Rc3+ 78. Kg4 Rc4+ 79. Kf3 Rc3+ 80.
Kf4 Rc4+ 81. Nxc4 Kh7 82. Kf5 Kg8 83. h6 Kh7 84. Kf6 Kg8 85. Ne5 Kh7 86. Nf7 Kg8 87. g6 Kf8 88. h7 1-0

[Event "*** Titled Tuesday Blitz"]
[Site "Chess.com"]
[Date "2020.05.12"]
[Round "4"]
[White "theblitzchamp"]
[Black "mbachez"]
[Result "0-1"]
[WhiteElo "2660"]
[BlackElo "2490"]
[TimeControl "180+1"]
[EndTime "10:40:48 PDT"]
[Termination "mbachez won by resignation"]

1. d4 Nf6 2. Bf4 d5 3. e3 e6 4. Nf3 c5 5. Nbd2 Bd6 6. Bg3 O-O 7. c3 Qc7 8. Bd3 Nbd7 9. Qe2 e5 10. dxe5 Nxe5 11.
Nxe5 Bxe5 12. Nf3 Bxg3 13. hxg3 h6 14. Bc2 Re8 15. Rd1 Be6 16. Bb1 Rad8 17. O-O Ne4 18. Nd2 Nf6 19. Qd3 Bg4 20. Rde1 Bh5 21. Qb5 a6 22. Qb3 d4 23. exd4 Be2 24. Ne4 Rxe4 25. Bxe4 Bxf1 26. Kxf1 cxd4 27. cxd4 b5 28. Bb1 Rxd4 29.
Qe3 Rd8 30. Kg1 Qd7 31. a3 Qd4 32. Qe7 g6 33. Qc7 Ng4 34. Rf1 Kg7 35. Ba2 Rd7 36.
Qc2 Nf6 37. Qb3 Re7 38. Qc2 Rd7 39. Re1 Qd3 40. Qc1 Qd6 41. Qe3 Ng4 42. Qf3 Ne5 43. Qf4 f6 44. Qe4 Re7 45. Qa8 Nf3+ 46. gxf3 Rxe1+ 47. Kg2 Qf8 48. Qxa6 Re5 49. Qb7+ Kh8 50. Bb1 Qg8 51.
Qc7 h5 52. Qd6 Qg7 53. Qd8+ Kh7 54. Qd6 Qf7 55. f4 Qd5+ 56. Qxd5 Rxd5 57. b3 Rd2 58. Be4 Rb2 59. a4 Rxb3 60. axb5 Rxb5 61. Bf3 f5 62.
Be2 Rb4 63. Kf3 Kg7 64. Ke3 Kf6 65. f3 Rb3+ 66. Kf2 Ke7 67. g4 fxg4 68. fxg4 h4 69. Kg2 Rb2 70. Kf3 h3 71. Bf1 h2 72. Bg2 Rb3+ 73.
Kf2 Rb1 74. f5 gxf5 75. gxf5 Kf6 76. Kg3 h1=Q 77. Bxh1 Rxh1 78. Kg4 Rh6 0-1

[Event "*** Titled Tuesday Blitz"]
[Site "Chess.com"]
[Date "2020.05.12"]
[Round "4"]
[White "salomez"]
[Black "kuba2006"]
[Result "1-0"]
[WhiteElo "2249"]
[BlackElo "2414"]
[TimeControl "180+1"]
[EndTime "10:40:51 PDT"]
[Termination "salomez won by resignation"]

1. e4 Nf6 2. e5 Nd5 3. d4 d6 4. exd6 exd6 5. c4 Nb6 6. Nf3 Be7 7. Be2 O-O 8. O-O Nc6 9. Be3 Bf6 10. h3 Re8 11. Nc3 d5 12. b3 dxc4 13. bxc4 Be6 14. c5 Nd5 15. Nxd5 Bxd5 16. Rb1 Rb8 17. Qa4 Bxf3 18.
Bxf3 Nxd4 19. Bxd4 Qxd4 20. Qxd4 Bxd4 21. Bxb7 Bxc5 22. Bc6 Red8 23. Rxb8 Rxb8 24. Rc1 Bd6 25. g3 Rb2 26. Bd5 Kf8 27. Bb3 a5 28. Rc2 Rb1+ 29.
Kg2 Re1 30. Rc6 Re2 31. Rc2 Re5 32. Kf3 Ke7 33. h4 Rf5+ 34. Ke4 g6 35. Re2 Kf6 36. Kd3 Rf3+ 37. Kd2 Bc5 38. Ke1 Bb4+ 39. Kf1 Rc3 40. Rc2 Rxc2 41. Bxc2 Ke5 42. Ke2 Kd4 43. Bb3 f6 44.
Bg8 h6 45. Bh7 g5 46. f4 Kc3 47. fxg5 fxg5 48. hxg5 hxg5 49. Kf3 Kd4 50. Bg8 c5 51. Ke2 Kc3 52. Kf3 c4 53. Ke4 Bd6 54. g4 Bf4 55.
Bf7 a4 56. Bg8 Bd2 57. Bf7 Kb4 58. Kd4 Bc3+ 59. Ke3 Be1 60. Bg8 Kc3 61. Bf7 Kb4 62. Bg8 a3 63. Bf7 c3 64. Kd3 Bd2 65. Kc2 Be3 66. Bg8 Bd4 67. Bf7 Kc5 68. Bg8 Kd6 69. Bf7 Ke5 70. Be8 Kd6 71. Bf7 Ke5 72. Be8 Kf4 73.
Bd7 Ke3 74. Bc8 1-0

[Event "*** Titled Tuesday Blitz"]
[Site "Chess.com"]
[Date "2020.05.12"]
[Round "4"]
[White "VerdeNotte"]
[Black "lIlIlIlI_lIl"]
[Result "1-0"]
[WhiteElo "2875"]
[BlackElo "2632"]
[TimeControl "180+1"]
[EndTime "10:40:52 PDT"]
[Termination "VerdeNotte won on time"]

1. e4 c5 2. Nc3 e6 3. Nf3 d6 4. g3 Nc6 5. Bg2 Nf6 6. O-O Be7 7. d4 cxd4 8. Nxd4 Bd7 9. Re1 O-O 10. Nxc6 Bxc6 11.
e5 dxe5 12. Bxc6 bxc6 13. Rxe5 Qxd1+ 14. Nxd1 Rfd8 15. Bg5 h6 16. Bxf6 Bxf6 17. Re2 Bd4 18. Rb1 Rd5 19. Ne3 Bxe3 20. Rxe3 Ra5 21. a3 Rc5 22. c3 Rd8 23. b4 Rcd5 24. a4 Rd2 25. b5 cxb5 26. axb5 Rc2 27. Ra1 Rd7 28. h4 Rc7 29. Kg2 R2xc3 30. Rxa7 Rxe3 31. Rxc7 Rb3 32. Rc8+ Kh7 33. Rc5 Kg6 34. h5+ Kf6 35. g4 Ke7 36. Rc7+ Kf6 37. Rc5 Ke7 38. Rc7+ Kf6 39. Rb7 g6 40.
hxg6 Kxg6 41. f3 Kf6 42. Kg3 Rb4 43. Rb8 e5 44. b6 Rb3 45. Kf2 Kg7 46. Ke2 Kf6 47.
b7 Kg7 48. Re8 Rxb7 49. Rxe5 Rb6 50. Kf2 Rb2+ 51. Kg3 Rb6 52. Kh4 Ra6 53. Re2 Rf6 54. Kg3 Rb6 55. Re4 Rc6 56. Kf4 Ra6 57. Rd4 Rf6+ 58.
Ke4 Re6+ 59. Kf4 Ra6 60. Rd5 Rf6+ 61. Rf5 Ra6 62. Ke4 Ra4+ 63. Ke3 Ra3+ 64. Kf2 Ra2+ 65. Kg3 Ra4 66. f4 Ra3+ 67. Kh4 Rb3 68. Ra5 Rc3 69. Ra6 Rf3 70. f5 Rc3 71. Rb6 Ra3 72. Rb1 Rc3 73. Rg1 Rd3 74. Rg3 Rd2 75. g5 Rd4+ 76.
Kh5 hxg5 77. Kxg5 f6+ 78. Kh5+ Kf7 79. Ra3 Rd7 80. Kh6 Rc7 81. Ra8 1-0

[Event "*** Titled Tuesday Blitz"]
[Site "Chess.com"]
[Date "2020.05.12"]
[Round "4"]
[White "blitzking1729"]
[Black "tylityli"]
[Result "1-0"]
[WhiteElo "2516"]
[BlackElo "2325"]
[TimeControl "180+1"]
[EndTime "10:40:52 PDT"]
[Termination "blitzking1729 won by checkmate"]

1. Nf3 d5 2. c4 c6 3. d4 Nf6 4.
Qc2 g6 5. Bf4 Bg7 6. e3 Nbd7 7.
Nc3 O-O 8. Be2 a6 9. O-O e6 10.
c5 Nh5 11. Bd6 Re8 12. b4 Bf8 13. Bxf8 Kxf8 14. a4 Ng7 15. b5 e5 16. Rfd1 e4 17. Nd2 f5 18. Rdb1 Ne6 19. bxc6 bxc6 20. a5 Qc7 21.
Qa4 h5 22. Rb2 Kg7 23. Rab1 f4 24. Na2 Rf8 25. Nb4 Nd8 26. Re1 Nf6 27. Qa3 g5 28. f3 fxe3 29. Qxe3 Qf4 30. Nc2 Ra7 31. fxe4 dxe4 32.
Rf1 Qxe3+ 33. Nxe3 Rb7 34. Rb6 Rd7 35. Bxa6 Bxa6 36.
Rxa6 Kg6 37. Ndc4 Rxd4 38. Ne5+ Kh7 39. Nxc6 Nxc6 40. Rxc6 Nd7 41. Rxf8 Nxf8 42. Rd6 Ra4 43. a6 Kg7 44. c6 Rxa6 45. c7 Ra1+ 46. Rd1 Ra8 47.
Rd8 Ra1+ 48. Kf2 Rc1 49. c8=Q Rxc8 50. Rxc8 Ne6 51. Rc4 Kf6 52. Rxe4 Nc5 53. Rc4 Nd3+ 54. Ke2 Ne5 55. Rc5 Nd7 56. Rf5+ Kg6 57. Rd5 Nf8 58. Rd6+ Kf7 59. Nc4 g4 60. Ne5+ Kg7 61. Ke3 Nh7 62. Rd7+ Kh6 63. Rxh7+ Kxh7 64. Kf4 Kh6 65.
g3 Kg7 66. Kg5 Kh7 67. Kxh5 Kg7 68. Kxg4 Kh7 69. h4 Kh8 70. Nf3 Kg8 71. Kg5 Kh8 72. h5 Kg8 73. Kh6 Kh8 74. g4 Kg8 75. g5 Kh8 76. g6 Kg8 77. g7 Kf7 78. Kh7 Kf6 79.
g8=Q Kf5 80. Qg6+ Kf4 81. Kg7 Ke3 82. h6 Kf2 83. h7 Kf1 84. h8=Q Kf2 85. Qh2+ Ke3 86.
Qe6+ Kd3 87. Qhe2+ Kc3 88. Q6c4# 1-0

[Event "*** Titled Tuesday Blitz"]
[Site "Chess.com"]
[Date "2020.05.12"]
[Round "4"]
[White "Buffy7"]
[Black "Kingsman132"]
[Result "1-0"]
[WhiteElo "2684"]
[BlackElo "2347"]
[TimeControl "180+1"]
[EndTime "10:40:53 PDT"]
[Termination "Buffy7 won by resignation"]

1. d4 Nf6 2. c4 e6 3. Nc3 d5 4. cxd5 exd5 5. Bg5 Be7 6. e3 O-O 7. Qc2 b6 8. Nf3 Bb7 9. Bxf6 Bxf6 10. Be2 Nd7 11.
O-O c5 12. Rad1 Rc8 13. Qf5 g6 14. Qg4 Bg7 15. Qh3 Nf6 16. a3 h5 17. Ne5 cxd4 18.
exd4 Ne4 19. Nxe4 dxe4 20. Bc4 Qd6 21. Qg3 Bd5 22. b3 Bxc4 23. bxc4 Bxe5 24. dxe5 Qe6 25.
Rd6 h4 26. Qg5 Qf5 27. Qxf5 gxf5 28. Rf6 Rxc4 29. Rxf5 Rd8 30. Rf4 Rd3 31. Rxh4 Rxa3 32. Rd1 Rd3 33. Re1 Rd5 34. Rh5 a5 35. h4 a4 36. Rg5+ Kf8 37. h5 a3 38. h6 e3 39.
h7 Rh4 40. Rg8+ Ke7 41. h8=Q Rxh8 42. Rxh8 Rd2 43. fxe3 b5 44. Rb8 Rb2 45. Kh2 a2 46.
Ra1 b4 47. Rxa2 Rxa2 48. Rxb4 Ke6 49. Rf4 Re2 50. Rf6+ Kxe5 51. Rxf7 Rxe3 52. g3 Ke6 53.
Rf8 Ke7 54. Rf4 Re5 55. Kh3 Re6 56. Kh4 Re1 57. Kg5 Rg1 58. g4 Ke6 59. Kg6 Ke5 60. Rf5+ Ke6 61. g5 Ke7 62. Rf7+ Ke8 63. Rf5 Ke7 64.
Kg7 Ke6 65. Rf6+ Ke7 66. g6 Rh1 67. Rf7+ Ke8 68. Rf4 Rh2 69. Re4+ Kd7 70. Kg8 Rf2 71. g7 Rh2 72. Re5 Kd6 73. Re3 Rh1 74. Re4 Kd5 75. Re7 Kd6 76. Rf7 Ke6 77. Kf8 Ra1 78. g8=Q Ra8+ 79. Kg7 Ra7 80. Rxa7+ Ke5 81. Rf7 1-0

[Event "*** Titled Tuesday Blitz"]
[Site "Chess.com"]
[Date "2020.05.12"]
[Round "4"]
[White "NZT72"]
[Black "baag"]
[Result "1/2-1/2"]
[WhiteElo "2471"]
[BlackElo "2636"]
[TimeControl "180+1"]
[EndTime "10:40:55 PDT"]
[Termination "Game drawn - insufficient material"]

1. c4 Nf6 2. g3 e6 3. Bg2 d5 4. Nf3 Be7 5. O-O O-O 6. d4 dxc4 7. Qa4 a6 8. Qxc4 b5 9. Qc2 Bb7 10. Bd2 Be4 11. Qc1 Bb7 12. Qc2 Nbd7 13. Ba5 Rc8 14.
Nbd2 Nb6 15. Nb3 Nc4 16. Bc3 Be4 17. Qc1 Qd5 18. Rd1 Rfd8 19. Ne1 Bxg2 20. Nxg2 b4 21. Be1 Qb5 22. Qc2 Nd6 23. Rac1 Nf5 24. e4 Nh6 25. f3 c6 26. Bf2 a5 27. Nc5 Kh8 28. Ne3 Nhg8 29.
Nc4 Ne8 30. Ne5 Nd6 31. Qa4 Nf6 32. Qxb5 cxb5 33. b3 Kg8 34. Kf1 h5 35. Ke2 g5 36.
h3 Kf8 37. g4 a4 38. Be3 hxg4 39. hxg4 axb3 40. axb3 Nfe8 41. Ned3 Ra8 42. Nxb4 Ra3 43. Ra1 Rda8 44. Rxa3 Rxa3 45. Rd2 Nc7 46. Nc6 Nc8 47.
Nxe7 Nxe7 48. Bxg5 Nc6 49. Be3 Nb4 50. Bf4 Ne8 51.
g5 Ke7 52. d5 exd5 53. exd5 Nd6 54. Ne4 Nxe4 55. fxe4 Rxb3 56. Be3 Kd6 57. Bf4+ Kd7 58. e5 Rh3 59. Rb2 Nxd5 60. Bd2 Rh2+ 61. Kd3 b4 62.
Rb3 Rh3+ 63. Kc4 Rxb3 64. Kxb3 Ke6 65. Bxb4 Kxe5 66. Bd2 Kd4 67. Kc2 Ke4 68. Kd1 Kd3 69.
Bc1 Nc3+ 70. Ke1 Ne4 71. Kf1 Nd6 72. Kg2 Ke4 73. Kg3 Kf5 74. Kf3 Nc4 75. Kg3 Nb6 76. Kh4 Nd5 77. Kh5 Nc3 78. Kh6 Ne2 79. Bd2 Ng3 80.
Kg7 Ke6 81. g6 Nf5+ 82. Kh7 f6 83. g7 Ne7 84. g8=Q+ Nxg8 85. Kxg8 f5 86. Kg7 Ke5 87. Kg6 Ke4 88. Kg5 Ke5 89. Bf4+ Ke6 90. Kg6 Kd5 91.
Kxf5 1/2-1/2

[Event "*** Titled Tuesday Blitz"]
[Site "Chess.com"]
[Date "2020.05.12"]
[Round "4"]
[White "amiralfio"]
[Black "Didici"]
[Result "1-0"]
[WhiteElo "2469"]
[BlackElo "2621"]
[TimeControl "180+1"]
[EndTime "10:40:55 PDT"]
[Termination "amiralfio won on time"]

1. e4 e5 2. Nf3 Nc6 3. Bc4 Nf6 4. d3 Bc5 5. O-O d6 6. a3 a6 7.
b4 Ba7 8. Nc3 h6 9. Nd5 Nxd5 10.
Bxd5 Ne7 11. Bb3 Ng6 12. d4 Bg4 13. h3 Bxf3 14. Qxf3 O-O 15. dxe5 dxe5 16. Rd1 Qe7 17. Qf5 Nh4 18. Qg4 Kh7 19. g3 Ng6 20. h4 Rad8 21.
h5 Nh8 22. Bb2 Qf6 23. Qe2 g6 24. Kg2 gxh5 25. Rxd8 Rxd8 26. Rh1 h4 27. Rxh4 Ng6 28. Rh5 Rg8 29. Kf1 Kg7 30. Bc1 Rh8 31. Qd2 Ne7 32. Rh2 h5 33. Qe2 h4 34. Qg4+ Qg6 35. Qxg6+ Nxg6 36.
gxh4 Rxh4 37. Rxh4 Nxh4 38. Ke2 Ng6 39. c4 Kf6 40. c5 b6 41. Be3 bxc5 42. bxc5 Nf4+ 43. Kd2 Ne6 44. Bxe6 Kxe6 45. Kc3 c6 46. Kc4 Bb8 47. Kb4 Bc7 48. Kc4 Kf6 49. Bd2 Kg6 50. Be3 Kh5 51.
Kc3 Kg4 52. Kd3 Kf3 53. a4 Ba5 54. Bg5 Be1 55. Bf6 Kf4 56. f3 Bf2 57. Bg7 Bxc5 58.
Bf6 Kxf3 59. Bd8 Be7 60. Bxe7 Kf4 61. Bd6 f5 62. exf5 Kxf5 63. Kc4 e4 64. Kc5 e3 65. Kxc6 e2 66. Bb4 Ke6 67. Kb6 Kd7 68. Kb7 Kd8 69. Ba5+ Kd7 70. Be1 Kd6 71. a5 Kd7 72. Bf2 Kd8 73. Be1 Kd7 74. Bh4 Kd6 75. Kxa6 Kc6 76. Ka7 Kc7 77. Bg3+ Kc8 78. a6 Kd7 79. Be1 1-0

[Event "*** Titled Tuesday Blitz"]
[Site "Chess.com"]
[Date "2020.05.12"]
[Round "4"]
[White "mamonika"]
[Black "tteshan"]
[Result "1-0"]
[WhiteElo "1974"]
[BlackElo "2202"]
[TimeControl "180+1"]
[EndTime "10:41:01 PDT"]
[Termination "mamonika won by resignation"]

1. b4 e5 2. Bb2 Bxb4 3. Bxe5 Nf6 4. Nf3 Nc6 5. Bb2 O-O 6. e3 d5 7. Be2 Re8 8. O-O Bd6 9. d3 Bg4 10. Nbd2 b6 11. c4 dxc4 12. Nxc4 Bf8 13. Rc1 Nb4 14. a3 Nbd5 15. Nce5 Be6 16. Nc6 Qd6 17. e4 Nf4 18. e5 Nxe2+ 19. Qxe2 Bd5 20. exd6 Rxe2 21. Bxf6 gxf6 22.
dxc7 Bc5 23. Nxa7 Bb7 24. c8=Q+ Bxc8 25. Nxc8 Bxa3 26. Ra1 Rxc8 27. Rxa3 b5 28. Rb3 Rb8 29. Nd4 Re5 30. Rfb1 Rd5 31. Nxb5 Kg7 32. Kf1 Kg6 33. Ke2 f5 34. Nc3 Re8+ 35. Kd2 Rde5 36. d4 R5e7 37. d5 f6 38. Rb6 Rd7 39. Rc6 Re5 40. Rbb6 Rf7 41. d6 Rd7 42. Rc7 Rd8 43.
d7 Re7 44. Rbb7 Kf7 45. Nd5 Re5 46. Ne3 Ke7 47. f4 Re4 48. Nxf5+ Ke6 49. Ne3 Rxf4 50. Ke2 Re4 51. Kf3 Rd4 52. Rc6+ Kf7 53. Nf5 Rd3+ 54.
Ke4 R3xd7 55. Rxd7+ Rxd7 56. Rc4 Ra7 57. Kf3 Kg6 58. Ne3 Kf7 59. g3 Kg6 60. h4 Ra3 61. Rc5 Kf7 62. Rc4 Kg6 63. Re4 Kf7 64. Kf4 Kg6 65.
Nf5 Ra1 66. Ne3 Kf7 67. g4 Rg1 68. g5 fxg5+ 69. hxg5 Kg6 70. Re6+ Kg7 71. Re7+ Kg6 72. Re6+ Kg7 73. Rb6 Rh1 74. Nf5+ Kf7 75. Rb7+ Kg8 76. Ke5 Kf8 77. Kf6 Ke8 78. Rg7 Kd8 79. Rg8+ Kc7 80. Nh6 Kc6 81. Rg7 Rf1+ 82. Nf5 Rg1 83. Rxh7 Kd5 84. g6 Ke4 85. g7 Rg2 86. Ne7 1-0

[Event "*** Titled Tuesday Blitz"]
[Site "Chess.com"]
[Date "2020.05.12"]
[Round "4"]
[White "BAS8892"]
[Black "Beca95"]
[Result "1-0"]
[WhiteElo "2722"]
[BlackElo "2916"]
[TimeControl "180+1"]
[EndTime "10:41:13 PDT"]
[Termination "BAS8892 won on time"]

1. d4 Nf6 2. Bf4 d6 3. Nc3 Nbd7 4. Nf3 c6 5. e4 Qa5 6. Bd3 e5 7. Bg3 Nh5 8. Qd2 g6 9. dxe5 Nxe5 10. Nxe5 dxe5 11.
a3 Be6 12. Bh4 Qc7 13. O-O-O Be7 14. Bxe7 Qxe7 15. Qe3 b5 16. g3 a5 17. Be2 Nf6 18. f4 b4 19. Nb1 exf4 20. gxf4 O-O 21. f5 Bxf5 22. Bf3 Rfe8 23. Rhe1 Bg4 24. e5 Bxf3 25. Qxf3 Nd5 26. Qg3 Rab8 27. a4 Rbd8 28. Nd2 Nb6 29. b3 Kg7 30. h4 Nd5 31. Nc4 Nc3 32. Rxd8 Rxd8 33. Nd6 Kh8 34. Kb2 Rf8 35. Qf4 Nd5 36. Qd4 f5 37. e6+ Kg8 38. Nc4 Qf6 39. Re5 Re8 40.
Rxd5 Qxd4+ 41. Rxd4 Rxe6 42. Nxa5 c5 43. Rf4 h6 44. Nc4 Rf6 45. a5 g5 46. hxg5 hxg5 47.
Rf1 Kg7 48. Ne5 f4 49. Ng4 Ra6 50. Ra1 Kg6 51. c3 Kf5 52. Nf2 g4 53. Nd3 g3 54.
Nxc5 bxc3+ 55. Kxc3 Ra8 56. Kd4 f3 57. Ke3 Kg4 58. Ne4 Re8 59. Ra4 Kh3 60. Kxf3 Rf8+ 61. Ke2 g2 62. Nf2+ Kh2 63. Rh4+ Kg1 64. Nh3+ Kh2 65.
Nf4+ Kg3 66. Nxg2 Re8+ 67. Kd3 Re5 68. Rd4 Rxa5 69. Kc4 Ra8 70. b4 Rc8+ 71. Kd3 Kxg2 72. b5 Kf3 73. Rd5 Rb8 74. Kd4 Kf4 75. Kc5 Ke4 76. Rd1 Ke5 77. b6 Ke6 78. Kc6 Rc8+ 79. Kb7 Rc2 80. Kb8 Ra2 81. b7 Ke7 82. Rd4 Ra1 83. Kc7 Rc1+ 84. Kb6 Rb1+ 85. Kc6 Rb2 86. Rd5 Rb1 87. Rb5 Rc1+ 88. Kb6 1-0

[Event "*** Titled Tuesday Blitz"]
[Site "Chess.com"]
[Date "2020.05.12"]
[Round "4"]
[White "petincash"]
[Black "Kaliopa"]
[Result "0-1"]
[WhiteElo "2378"]
[BlackElo "2106"]
[TimeControl "180+1"]
[EndTime "10:41:13 PDT"]
[Termination "Kaliopa won by checkmate"]

1. e4 c5 2. Nc3 Nc6 3. f4 g6 4. Nf3 Bg7 5. Bc4 e6 6. O-O Nge7 7. Qe1 O-O 8. d3 d5 9. Bb3 Nd4 10. Nxd4 cxd4 11. Nd1 dxe4 12. dxe4 b5 13. Nf2 a5 14.
a4 b4 15. Bc4 Ba6 16. Bd3 Bxd3 17. cxd3 Rc8 18. Qd1 Qc7 19. e5 Qc2 20. Ne4 Qxd1 21. Rxd1 Rc2 22. Nd6 Nf5 23. Nc4 Rc8 24. Nxa5 Nh4 25.
Bd2 Rxb2 26. Nc4 Rc2 27. a5 b3 28. a6 b2 29. Rab1 Ra8 30. Rxb2 Rxb2 31. Nxb2 Rxa6 32. Nc4 Bf8 33. Be1 Nf5 34. Bf2 Ra2 35. g4 Ne7 36. Bxd4 Nd5 37. Rf1 Bh6 38. f5 gxf5 39. gxf5 Re2 40.
Nd6 Bf4 41. fxe6 fxe6 42. Ne4 Bxh2+ 43. Kh1 Bf4 44. Nf6+ Nxf6 45. Rxf4 Nd5 46. Rg4+ Kf7 47. Rg2 Rxg2 48. Kxg2 Kg6 49. Kf3 Kf5 50. Bb2 Nf4 51. d4 Nd5 52. Bc1 Ne7 53. Bd2 Nd5 54.
Bc1 h5 55. Bd2 Ne7 56. Be1 Nc6 57. Bf2 Nb4 58. Bh4 Nd5 59. Bf2 Nc3 60. Bg3 Ne4 61.
Be1 Ng5+ 62. Kg3 Ke4 63. Bf2 Nf3 64. d5 h4+ 65. Kg4 Nxe5+ 66. Kxh4 exd5 67. Kg5 Nd3 68. Bg1 Ne1 69. Ba7 Nf3+ 70. Kf6 Ne5 71. Ke6 Nc4 72.
Bc5 Nd2 73. Bb6 Nf3 74. Bc5 Nh4 75. Kd6 Ng2 76. Kc6 Nf4 77. Kb5 Nd3 78. Bb6 Ne5 79.
Kc5 Nd7+ 80. Kb4 Nxb6 81. Kc3 d4+ 82. Kd2 Nc4+ 83. Kd1 Kd3 84. Ke1 Ne3 85. Kf2 Kc2 86. Ke2 d3+ 87. Ke1 d2+ 88. Ke2 d1=Q+ 89. Kf2 Qd2+ 90.
Kf3 Nc4 91. Kg3 Kd3 92. Kf3 Qe2+ 93. Kf4 Qe4+ 94. Kg3 Qf5 95. Kg2 Ke3 96. Kh1 Qg6 97.
Kh2 Kf3 98. Kh3 Qg3# 0-1

[Event "*** Titled Tuesday Blitz"]
[Site "Chess.com"]
[Date "2020.05.12"]
[Round "4"]
[White "lionheart95"]
[Black "Caisachess"]
[Result "1/2-1/2"]
[WhiteElo "2505"]
[BlackElo "2311"]
[TimeControl "180+1"]
[EndTime "10:41:17 PDT"]
[Termination "Game drawn by repetition"]

1. e4 e5 2. Nf3 Nc6 3. Bb5 f5 4. d4 fxe4 5. Nxe5 Nxe5 6. dxe5 c6 7. Nc3 cxb5 8. Nxe4 d5 9. exd6 Nf6 10. O-O Nxe4 11.
Qh5+ g6 12. Qe5+ Kf7 13. Qxh8 Nf6 14. Bh6 Be6 15. Bxf8 Qxf8 16. Qxf8+ Rxf8 17. Rad1 Rd8 18. Rfe1 Nd5 19. Rd4 Rxd6 20. c3 Rd7 21. a3 Nb6 22. Rf4+ Ke7 23. Rfe4 Rd6 24. f4 Kd7 25. R4e2 a5 26.
Kf2 a4 27. h3 h5 28. Kg3 Bf5 29. Kh4 Nd5 30. g4 hxg4 31. hxg4 Bd3 32. Rf2 Re6 33. Rxe6 Kxe6 34. Kg5 Kf7 35. Rh2 Nf6 36. f5 gxf5 37. gxf5 Ne4+ 38. Kf4 Nf6 39. Rd2 Bc4 40. Rd6 Ke7 41. Rd2 Kf7 42. Ke5 Ke7 43. Rh2 Kf7 44. Rg2 Nd7+ 45. Kd6 Nf6 46. Kc7 Bd5 47. Rf2 Bc6 48. Rf1 Ne4 49. Kb6 Kf6 50. Ka5 Nd6 51. Kb6 Nxf5 52. Kc5 Ke5 53. Re1+ Kf6 54. Rf1 Ke5 55. Re1+ Kf4 56. Rf1+ Ke4 57. Re1+ Ne3 58.
Rg1 Kd3 59. Rg3 Kd2 60. Rh3 Nc4 61. Kb4 Kc2 62. Rh2+ Nd2 63. Kc5 Kc1 64. Kb4 Nc4 65.
b3 axb3 66. Kxb3 Nd2+ 67. Kb4 Nc4 68. Kb3 Nd2+ 69. Kb4 Kc2 70. Rf2 Kd3 71. Rh2 Ne4 72. Rh3+ Kd2 73. Rh2+ Ke3 74. Rh3+ Kf4 75. c4 bxc4 76.
Kxc4 Ke5 77. Rh5+ Kd6 78. Rh6+ Ke5 79. Rh5+ Kd6 80. Rh6+ Ke5 81. Rh5+ 1/2-1/2